 Dungeon Crawl Stone Soup version 0.27.0-1-g7a089689b8 (webtiles) character file.

Game seed: 12372231347487414818

1091 Acheron the Chopper (level 8, -15/70 HPs)
             Began as a Minotaur Berserker on Aug 2, 2021.
             Was a Believer of Trog.
             Demolished by a two-headed ogre (25 damage)
             ... on level 5 of the Dungeon.
             The game lasted 00:20:13 (5375 turns).

Acheron the Chopper (Minotaur Berserker)            Turns: 5375, Time: 00:20:14

Health: -15/70     AC:  3    Str: 22    XL:     8   Next: 9%
Magic:  7/7        EV: 12    Int:  6    God:    Trog [**....]
Gold:   116        SH:  3    Dex: 10    Spells: 7/7 levels left

rFire    + . .     SeeInvis .   a - +0 hand axe
rCold    . . .     Faith    .   m - +0 buckler
rNeg     . . .     Spirit   .   j - +0 leather armour {rF+}
rPois    .         Reflect  .   (helmet restricted)
rElec    .         Harm     .   (no cloak)
rCorr    .         Rampage  .   (no gloves)
Will     .....                  (no boots)
Stlth    ++........             (no amulet)
HPRegen  0.21/turn              x - ring of flight
MPRegen  0.10/turn              (no ring)

@: flying, hasted, very quick
A: horns 2, retaliatory headbutt
a: Renounce Religion, Berserk, Trog's Hand


You were on level 5 of the Dungeon.
You worshipped Trog.
Trog was pleased with you.
You visited 1 branch of the dungeon, and saw 6 of its levels.

You collected 161 gold pieces.
You spent 45 gold pieces at shops.

Inventory:

Hand Weapons
 a - a +0 hand axe (weapon)
 e - a +2 mace of protection
 r - a +1 dagger of electrocution
 y - a +1 spear of venom
Missiles
 f - 30 poisoned darts (quivered)
 g - 11 boomerangs
 q - 8 atropa-tipped darts
 w - a curare-tipped dart
Armour
 c - a +1 leather armour
 j - a +0 leather armour of fire resistance (worn)
 m - a +0 buckler (worn)
Jewellery
 d - an amulet of magic regeneration
 x - a ring of flight (left hand)
Wands
 h - a wand of acid (7)
Scrolls
 b - a scroll of enchant armour
 o - a scroll of vulnerability {unknown}
 v - a scroll of identify
Potions
 i - a potion of cancellation {unknown}
 k - a potion of flight {unknown}
 l - a potion of lignification
 n - a potion of might {unknown}
 p - a potion of haste
 s - a potion of curing {unknown}
 t - a potion of invisibility
 u - 2 potions of heal wounds


   Skills:
 * Level 5.8 Fighting
 * Level 7.1 Axes
 * Level 1.6 Throwing
 * Level 4.5 Armour
 * Level 4.8 Dodging
 * Level 3.3 Stealth
 * Level 0.9 Shields
 * Level 0.6 Evocations


You had 7 spell levels left.
You didn't know any spells.
Your spell library was empty.

Dungeon Overview and Level Annotations

Branches:
Dungeon (6/15)
 Temple: D:4-7

Altars:
Nemelex Xobeh

Shops:
D:3 [

Portals:
Abyss: D:3

Annotations:
D:3 2 transporters, Tutankhamun's ghost, amateur SpBr
D:4 2 runed translucent doors, exclusion: downstairs, Tutankhamun's ghost, amateur GrGl


Innate Abilities, Weirdness & Mutations

You have a pair of horns on your head.
You reflexively headbutt those who attack you in melee.


Message History

You reach down and open the door.
Found a sparkling altar of Nemelex Xobeh.
There is an open door here.
There is an open door here.
Found 9 gold pieces.
The helpless orc fails to defend itself.
You slash the orc!
You kill the orc!
Trog accepts your kill.
g - 11 boomerangs (gained 4)
You see here a +0 hand axe.
You now have 116 gold pieces (gained 9).
You see here a +1 spear of venom.
y - a +1 spear of venom You see here a +0 spear.
You see here a +0 spear.
Items here: ))) [.
You see here 8 arrows.
An orc comes into view. It is wielding a +0 club.
The helpless orc fails to defend itself.
You slash the orc!
You kill the orc!
Trog accepts your kill.
You see here a +0 club.
The two-headed ogre closely misses you.
The two-headed ogre hits you with a +0 giant club!
You barely miss the two-headed ogre. You hit the two-headed ogre.
You headbutt the two-headed ogre.
The two-headed ogre is lightly wounded.
The two-headed ogre hits you with a +0 giant spiked club!
The two-headed ogre hits you with a +0 giant club.
You hit the two-headed ogre but do no damage.
The two-headed ogre is lightly wounded.
The two-headed ogre hits you with a +0 giant spiked club!!
* * * LOW HITPOINT WARNING * * *
The two-headed ogre barely misses you.
Okay, then.
You feel yourself speed up.
The two-headed ogre hits you with a +0 giant spiked club!!
You die...

###### ######...)####
#............##################
#.####.##....O@.).......(......
#.# #†##############.##.......
#.# #.# #.###.....> #.# ##.##
#.# #.##.#. #.# #...#########
#.# #.##.#. #.# #...........#
#.# #.##.#. #.# #...#######.#
#.# #.##.#. #.# ##### #.# #.#
#.#.... ###.# #.# #.#..<.


You could see a two-headed ogre.

Vanquished Creatures
  Grinder (D:4)
  An ogre (D:4)
  A necrophage (D:5)
  2 centaurs (D:4)
  A kobold brigand (D:5)
  2 scorpions (D:4)
  2 gnoll shamans
  A hound (D:5)
  Ijyb (D:4)
  2 iguanas
  5 adders
  6 gnolls
  A white imp (D:5)
  4 ufetubi
  4 dart slugs
  9 orcs
  7 endoplasms
  4 giant cockroaches
  5 goblins
  6 hobgoblins
  5 quokkas
  12 ball pythons
  5 bats
  3 frilled lizards
  9 kobolds
  5 rats
104 creatures vanquished.

Vanquished Creatures (others)
  22 fungi
  2 plants (D:2)
24 creatures vanquished.

Grand Total: 128 creatures vanquished

Notes
Turn   | Place    | Note
-------+----------+-------------------------------------------
     0 | D:1      | Acheron the Minotaur Berserker began the quest for the Orb.
     0 | D:1      | Reached XP level 1. HP: 19/19 MP: 0/0
   103 | D:1      | You fall into a shaft and drop 1 floor!
   149 | D:2      | Reached XP level 2. HP: 6/27 MP: 1/1
   170 | D:2      | Reached skill level 4 in Axes
   783 | D:1      | Reached XP level 3. HP: 33/33 MP: 2/2
  1058 | D:1      | Reached skill level 1 in Stealth
  1346 | D:2      | Reached ** piety under Trog
  1489 | D:2      | Found a faded altar of an unknown god.
  1520 | D:3      | Reached XP level 4. HP: 40/40 MP: 3/3
  1542 | D:4      | Noticed an ogre
  1547 | D:4      | Noticed a scorpion
  1567 | D:4      | Killed a scorpion
  1574 | D:4      | Killed an ogre
  1575 | D:4      | Reached skill level 5 in Axes
  1575 | D:4      | Reached XP level 5. HP: 47/47 MP: 4/4
  1614 | D:4      | Noticed Grinder
  1633 | D:4      | HP: 1/47 [iguana (11)]
  1640 | D:4      | Killed Grinder
  1641 | D:4      | Reached XP level 6. HP: 13/55 MP: 5/5
  1924 | D:4      | Found a large runed translucent door.
  1924 | D:4      | Found a large runed translucent door.
  1926 | D:4      | Noticed Tutankhamun's ghost (amateur GrGl)
  1933 | D:5      | Entered Level 5 of the Dungeon
  2093 | D:5      | Reached skill level 5 in Fighting
  2179 | D:5      | Reached XP level 7. HP: 61/61 MP: 6/6
  2224 | D:5      | Noticed a two-headed ogre
  2333 | D:4      | Reached skill level 6 in Axes
  2654 | D:4      | Reached skill level 1 in Throwing
  3096 | D:4      | Noticed Ijyb
  3280 | D:4      | Killed Ijyb
  3755 | D:3      | Found a one-way gate to the infinite horrors of the Abyss.
  3755 | D:3      | Noticed Tutankhamun's ghost (amateur SpBr)
  3756 | D:3      | Noticed a small abomination
  3764 | D:3      | Found a transporter.
  3849 | D:3      | Found the +8 demon trident "Rift" {distort, reach+}
  3858 | D:3      | Found a transporter.
  3869 | D:3      | Found Goeloewu's Armour Boutique.
  3877 | D:3      | Bought a +0 buckler for 45 gold pieces
  4728 | D:5      | Reached skill level 7 in Axes
  4728 | D:5      | Reached XP level 8. HP: 12/70 MP: 7/7
  5312 | D:5      | Found a sparkling altar of Nemelex Xobeh.
  5375 | D:5      | Demolished by a two-headed ogre

Illustrated notes

Levels and vault maps discovered:
D:1:      scummos_arrival_checkerplants, layout_loops_ring,
          hangedman_abyss_or_decor_stabs
D:2:      layout_loops_ring, dreamdust_ecumenical_altar_grove
D:3:      layout_basic, serial_shops, shop, gammafunk_ghost_abyssal_escape
D:4:      layout_basic, ebering_ghost_disaster_area,
          minmay_fractal_squares_diagonal_5, uniq_ijyb, uniq_grinder
D:5:      layout_loops_ring, nemelex_diamond_rough_becter, kennysheep_mini
D:6:      layout_basic, minmay_temple_entry_glass, lexackson_kobold_supper

Skill      XL: |  1  2  3  4  5  6  7 |
---------------+----------------------+-----
Axes           | 4 5 7 |  7.1
Fighting       | 4 5 |  5.8
Stealth        | 1 2 3 |  3.3
Armour         | 3 4 |  4.5
Dodging        | 3 4 |  4.8
Throwing       | 1 |  1.6
Shields        | |  0.9
Evocations     | |  0.6

Action                   |  1- 3 |  4- 6 |  7- 9 || total
-------------------------+-------+-------+-------++-------
Melee: Hand axe          |    76 |    51 |   131 ||   258
       Headbutt          |    14 |     8 |    24 ||    46
Invok: Berserk           |       |     1 |     3 ||     4
       Trog's Hand       |       |     1 |       ||     1
  Use: Potion            |     2 |     1 |     2 ||     5
       Scroll            |       |     3 |     8 ||    11
 Stab: Sleeping          |     4 |       |     4 ||     8
Armor: Leather armour    |    19 |    12 |    20 ||    51
Dodge: Dodged            |    48 |    40 |    96 ||   184
Block: Buckler           |       |       |    10 ||    10
